 Dungeon Crawl Stone Soup version 0.12.2-14-g7c90c79 (webtiles) character file.

1116 MarVin the Cleaver (level 7, -1/53 HPs)
             Began as a Demonspawn Fighter on Aug 5, 2013.
             Was an Initiate of Nemelex Xobeh.
             Slain by a wight
             ... wielding a +1,+0 dwarven battleaxe
              (10 damage)
             ... on Level 5 of the Dungeon.
             The game lasted 00:37:55 (7349 turns).

MarVin the Cleaver (Demonspawn Fighter)             Turns: 7349, Time: 00:37:55

HP  -1/53        AC 11     Str 19      XL: 7   Next: 77%
MP   6/6         EV  6     Int 13      God: Nemelex Xobeh [......]
Gold 228         SH 18     Dex 12      Spells:  0 memorised,  6 levels left

Res.Fire  : . . .   See Invis. : .   E - +0,+2 orc hand axe
Res.Cold  : . . .   Warding    : .   D - +0 splint mail
Life Prot.: . . .   Conserve   : .   c - +0 shield
Res.Poison: .       Res.Corr.  : .   (no helmet)
Res.Elec. : .       Clarity    : .   L - +0 cloak
Sust.Abil.: . .     Spirit.Shd : .   j - +0 pair of gloves
Res.Mut.  : .       Stasis     : .   (no boots)
Res.Rott. : .       Ctrl.Telep.: .   (no amulet)
Saprovore : . . .   Flight     : .   (no ring)
                                     e - +4 ring of intelligence

@: slightly resistant to hostile enchantments, extremely unstealthy
A: claws 1, EV +3
a: Renounce Religion


You were on level 5 of the Dungeon.
You worshipped Nemelex Xobeh.
Nemelex Xobeh was pleased with you.
You were starving.

You visited 2 branches of the dungeon, and saw 6 of its levels.
You also visited: Sewer.

You collected 208 gold pieces.

Inventory:

Hand weapons
 r - a +0,+0 hand axe (quivered)
 u - a +0,+2 orcish whip of reaching
 y - a +1,+1 orcish mace of pain
 C - a -1,+0 orcish hand axe
 E - a +0,+2 orcish hand axe (weapon)
 G - a +1,+3 dwarven hammer
 J - a +4,+3 quarterstaff of chaos
 P - a +0 blowgun
Armour
 b - a +0 scale mail
 c - a +0 shield (worn)
 h - a +0 orcish chain mail
 j - a +0 pair of gloves (worn)
 v - a +0 orcish chain mail
 D - a +0 splint mail (worn)
 L - a +0 cloak (worn)
Magical devices
 K - a wand of flame (7)
Scrolls
 a - a scroll of amnesia {unknown}
 f - a scroll of teleportation {unknown}
 i - 5 scrolls of remove curse {unknown}
 l - 7 scrolls of identify {unknown}
 n - 2 scrolls of enchant weapon II {unknown}
 o - 5 scrolls of enchant weapon I {unknown}
 p - 3 scrolls of noise {unknown}
 q - a scroll of blinking {unknown}
 t - 2 scrolls of curse jewellery {unknown}
 x - a scroll of recharging {unknown}
Jewellery
 e - a +4 ring of intelligence (left hand)
 N - an uncursed ring of poison resistance {unknown}
Potions
 g - 5 potions of curing
 k - 5 potions of might {unknown}
 s - a potion of flight {unknown}
 w - a potion of speed
 z - a potion of confusion {unknown}
 A - a potion of degeneration {unknown}
 B - 4 potions of brilliance {unknown}
 F - 4 potions of heal wounds {unknown}
 I - 2 potions of agility {unknown}


   Skills:
 - Level 3.1 Fighting
 + Level 8.3 Axes
 - Level 3.0 Armour
 - Level 3.0 Shields


You had 6 spell levels left.
You didn't know any spells.

Dungeon Overview and Level Annotations

Branches:
Dungeon (5/27)             Temple (1/1) D:5

Altars:
Ashenzari
Cheibriados
Elyvilon
Kikubaaqudgha
Makhleb
Nemelex Xobeh
Okawaru
Sif Muna
Trog
Vehumet
Xom
Yredelemnul
Zin
the Shining One

Shops:
D:4: (

Annotations
D:4 Eustachio
D:5 Dowan, Duvessa
Temple Menkaure


Innate Abilities, Weirdness & Mutations

You have sharp fingernails.
You are surrounded by a moderate repulsion field (EV +3).


Message History

The wight is moderately damaged.
You block the wight's attack.
You closely miss the wight.
The wight is moderately damaged.
You barely miss the wight.
The wight is moderately damaged.
The wight barely misses you.
You hit the wight.
The wight is moderately damaged.
You block the wight's attack.
You hit the wight.
The wight is heavily damaged.
The wight barely misses you.
You hit the wight.
The wight is severely damaged.
You hit the wight.
The wight is almost destroyed.
The wight hits you with a dwarven battleaxe!
You die...
Your body disappears without a glow.

#.# .# #.## #..##
##..# < ##.# ...
###'####### ...z
#.........###.?...
#.#.#####.#.'......
#.#%#..@z.'.#
#.#.#.####### #..(#
##(## #.# #.. #.##
#.# #..## #.# ##..#
#.# #####'######
#.#


You could see a wight.

Vanquished Creatures
  A hippogriff (D:5)
  A sky beast (D:5)
  The ghost of MarVin the Covered, an average DsFi (D:3)
  A big kobold (Sewer)
  A giant frog skeleton (D:5)
  2 wights (D:5)
  Crazy Yiuf (D:4)
  A scorpion (D:5)
  3 orc wizards
  An iguana (D:5)
  A worker ant (D:4)
  4 green rats
  7 adders
  A giant mite (D:4)
  2 worms
  19 grey rats (Sewer)
  3 giant geckos
  4 oozes
  9 orcs
  10 ball pythons
  8 giant cockroaches
  8 goblins
  11 hobgoblins
  5 quokkas
  9 bats
  7 giant newts
  13 jackals
  27 kobolds
  11 rats
  A bush (D:1)
  A plant (D:1)
174 creatures vanquished.

Vanquished Creatures (others)
  2 orcs (D:3)
  A quokka (D:3)
3 creatures vanquished.

Grand Total: 177 creatures vanquished

Notes
Turn   | Place    | Note
--------------------------------------------------------------
     0 | D:1      | MarVin, the Demonspawn Fighter, began the quest for the Orb.
     0 | D:1      | Reached XP level 1. HP: 18/18 MP: 0/0
   331 | D:1      | Gained mutation: You are surrounded by a mild repulsion field (EV +2). [demonic ancestry]
   331 | D:1      | Reached XP level 2. HP: 20/24 MP: 1/1
  1349 | D:2      | Gained mutation: You have sharp fingernails. [demonic ancestry]
  1349 | D:2      | Reached XP level 3. HP: 30/30 MP: 2/2
  1578 | D:2      | Found a burning altar of Makhleb.
  2043 | D:3      | Noticed MarVin's ghost (average DsFi)
  2074 | D:3      | Killed MarVin's ghost
  2074 | D:3      | Reached skill level 4 in Axes
  2074 | D:3      | Reached XP level 4. HP: 12/36 MP: 3/3
  2231 | D:3      | Reached XP level 5. HP: 29/41 MP: 4/4
  2546 | D:3      | HP: 2/41 [orc wizard/puff of flame (3)]
  2893 | D:3      | Reached skill level 5 in Axes
  3312 | D:4      | Found a basalt altar of Yredelemnul.
  3535 | D:4      | Found a burning altar of Makhleb.
  3678 | D:4      | Reached XP level 6. HP: 38/48 MP: 5/5
  3680 | D:4      | Found a glowing drain.
  3689 | Sewer    | Entered a sewer
  4032 | Sewer    | Reached skill level 6 in Axes
  4676 | D:4      | Noticed Eustachio
  4939 | D:4      | Found Klerol's Weapon Emporium.
  5017 | D:4      | Noticed Crazy Yiuf
  5025 | D:4      | Killed Crazy Yiuf
  5435 | D:4      | Gained mutation: You are surrounded by a moderate repulsion field (EV +3). [demonic ancestry]
  5435 | D:4      | Reached XP level 7. HP: 47/53 MP: 6/6
  5481 | D:5      | Entered Level 5 of the Dungeon
  5760 | D:5      | Reached skill level 7 in Axes
  6376 | D:5      | Reached skill level 8 in Axes
  6383 | D:5      | Found a staircase to the Ecumenical Temple.
  6467 | D:5      | Noticed Menkaure
  6527 | Temple   | Entered the Ecumenical Temple
  6856 | Temple   | Became a worshipper of Nemelex Xobeh
  6862 | Temple   | Received a gift from Nemelex Xobeh
  6872 | Temple   | Gained mutation: Your flesh is heat resistant. [helix card]
  6874 | Temple   | Paralysed by a potion of paralysis for 3 turns
  6877 | Temple   | Lost mutation: Your flesh is heat resistant. [helix card]
  7252 | D:5      | Noticed Duvessa
  7253 | D:5      | Noticed Dowan
  7349 | D:5      | Slain by a wight

Action                   |  1- 3 |  4- 6 |  7- 9 || total
-------------------------+-------+-------+-------++-------
Melee: Hand axe          |   383 |   413 |   201 ||   997
       Unarmed           |       |       |    11 ||    11
Throw: Hand axe          |       |     1 |       ||     1
Evoke: Deck              |       |       |     6 ||     6
  Use: Potion            |       |     2 |       ||     2
